 Dungeon Crawl Stone Soup version 0.21-a0-450-gd87a9b2 (webtiles) character file.

1023 KristoblXynda the Ducker (level 8, 0/46 HPs)
             Began as a Kobold Berserker on Nov 18, 2017.
             Was a Priest of Trog.
             Succumbed to darxusza's ghost's toxic radiance
             ... on level 5 of the Dungeon.
             The game lasted 00:13:41 (4651 turns).

KristoblXynda the Ducker (Kobold Berserker)         Turns: 4651, Time: 00:13:42

Health: 0/46       AC: 14    Str: 19    XL:     8   Next: 46%
Magic:  17/17      EV: 16    Int:  8    God:    Trog [***...]
Gold:   1          SH:  0    Dex: 17    Spells: 7/7 levels left

rFire    + . .     SeeInvis .   q - +1 dagger (venom)
rCold    . . .     Gourm    .   (shield restricted)
rNeg     . . .     Faith    .   b - +2 scale mail {rF+}
rPois    .         Spirit   .   u - +1 helmet
rElec    .         Reflect  .   (no cloak)
rCorr    .         Harm     .   e - +0 pair of gloves
MR       .....                  B - +1 pair of boots
Stlth    +++.......             (no amulet)
HPRegen  0.15/turn              h - ring of stealth
MPRegen  0.15/turn              z - ring of magical power

@: mighty, lethally poisoned (0 -> -10), berserk cooldown
A: carnivore 3
a: Berserk, Trog's Hand, Burn Spellbooks, Renounce Religion


You were on level 5 of the Dungeon.
You worshipped Trog.
Trog was most pleased with you.
You were completely stuffed.

You visited 2 branches of the dungeon, and saw 6 of its levels.

You collected 256 gold pieces.
You spent 255 gold pieces at shops.

Inventory:

Hand Weapons
 q - a +1 dagger of venom (weapon)
 w - a +0 blowgun
 A - a +0 long sword
Missiles
 x - 9 poisoned needles
Armour
 b - a +2 scale mail of fire resistance (worn)
 e - a +0 pair of gloves (worn)
 u - a +1 helmet (worn)
 B - a +1 pair of boots (worn)
Jewellery
 g - an uncursed ring of resist corrosion {unknown}
 h - a ring of stealth (left hand)
 z - a ring of magical power (right hand)
Scrolls
 k - 2 scrolls of fog
 o - a scroll of teleportation
 v - a scroll of enchant armour
Potions
 a - 4 potions of haste
 d - a potion of agility {unknown}
 f - a potion of berserk rage {unknown}
 j - 2 potions of might
 m - a potion of cancellation {unknown}
 n - a potion of brilliance {unknown}
 C - 2 potions of flight
 D - a potion of ambrosia {unknown}
Books
 s - a book of Cantrips

   Spells                             Type                      Level
   a - Confusing Touch                Hexes                        1
   b - Animate Skeleton               Necromancy                   1
   c - Summon Small Mammal            Summoning                    1
   d - Apportation                    Translocation                1
   Trog disapproves of the use of such an item.
Comestibles
 c - a meat ration
 r - a royal jelly


   Skills:
 - Level 3.2 Fighting
 - Level 6.1 Short Blades
 + Level 4.7 Armour
 + Level 6.8 Dodging
 + Level 5.5 Stealth


You had 7 spell levels left.
You didn't know any spells.

Dungeon Overview and Level Annotations

Branches:
Dungeon (5/15)             Temple (1/1) D:4

Altars:
Ashenzari
Cheibriados
Dithmenos
Elyvilon
Fedhas
Gozag
Hepliaklqana
Kikubaaqudgha
Makhleb
Nemelex Xobeh
Okawaru
Ru
Sif Muna
Trog
Uskayaw
Vehumet
Wu Jian
Xom
Yredelemnul
Zin
The Shining One

Shops:
D:5 [

Annotations:
D:5 darxusza's ghost, novice GnVM


Innate Abilities, Weirdness & Mutations

You are small and have problems with some larger weapons.
You are carnivorous and can eat meat at any time.


Message History

You feel sick.
You feel yourself speed up.
* * * LOW HITPOINT WARNING * * *
You feel sick.
* * * LOW HITPOINT WARNING * * *
You feel sick.
Okay, then.
Okay, then.
You feel very mighty all of a sudden.
* * * LOW HITPOINT WARNING * * *
You feel sick.
* * * LOW HITPOINT WARNING * * *
You feel sick.
* * * LOW HITPOINT WARNING * * *
You feel sick.
You eat one of the 2 royal jellies.
That royal jelly was delicious!
* * * LOW HITPOINT WARNING * * *
You feel sick.
You eat one of the 2 meat rations.
That meat ration really hit the spot!
You die...

######.#.########*#.#.#.##.#
.....#.#........###.#.#.##.#
####.#.########.##......##.#
...#.#.# #.##..#.#.##.#
.#.#.#.# #.#...#.#....#
..<..#.# #.#..#..#.######
##...#.#### #.#............#
.'........# #.#.....#.####.#
##...##.#.#####.@....##W# #.#
..........).............# #.#
##...##.#.########.#########.#
#...##.#.# #.#.........#
##...##.#.# ###.#.######..####
#....#..#.# #...#.#*##.#......
♣≈P♣♣P≈♣≈.# #.###.#...,#.####.
♣≈≈♣≈♣♣P♣♣♣ ##.###.#.#*,#.# #.
♣≈≈P≈≈≈≈≈≈♣**♣♣≈........*,#.#
#.


There were no monsters in sight!

Vanquished Creatures
  A necrophage (D:5)
  A phantom (D:5)
  3 centaurs
  2 scorpions
  A quasit (D:5)
  4 orc wizards (D:4)
  An orc priest (D:4)
  2 hounds (D:4)
  2 jellies (D:5)
  An iguana (D:5)
  2 worker ants (D:4)
  Robin (D:3)
  7 adders
  4 worms
  3 dart slugs
  A leopard gecko (D:2)
  6 orcs (D:4)
  8 bats
  4 giant cockroaches
  13 goblins
  4 hobgoblins
  8 jackals (D:1)
  6 frilled lizards
  7 kobolds
  3 rats
95 creatures vanquished.

Notes
Turn   | Place    | Note
-------+----------+-------------------------------------------
     0 | D:1      | KristoblXynda the Kobold Berserker began the quest for the Orb.
     0 | D:1      | Reached XP level 1. HP: 14/14 MP: 1/1
   382 | D:1      | Reached XP level 2. HP: 15/19 MP: 2/2
   469 | D:1      | Reached XP level 3. HP: 11/23 MP: 3/3
   753 | D:1      | You fall through a shaft!
  1307 | D:2      | Reached ** piety under Trog
  1307 | D:2      | Reached XP level 4. HP: 18/28 MP: 4/4
  1633 | D:3      | Reached skill level 5 in Short Blades
  1995 | D:3      | Noticed Robin
  2031 | D:3      | Killed Robin
  2031 | D:3      | Reached XP level 5. HP: 25/32 MP: 5/5
  2116 | D:3      | Noticed a centaur
  2128 | D:3      | Killed a centaur
  2128 | D:3      | Reached XP level 6. HP: 13/37 MP: 6/6
  2838 | D:4      | Found a staircase to the Ecumenical Temple.
  2892 | D:4      | Reached skill level 5 in Dodging
  2892 | D:4      | Reached skill level 1 in Stealth
  2898 | D:4      | Reached XP level 7. HP: 25/41 MP: 7/7
  3017 | D:4      | Reached *** piety under Trog
  3596 | D:5      | Entered Level 5 of the Dungeon
  3724 | Temple   | Entered the Ecumenical Temple
  3845 | D:5      | Reached XP level 8. HP: 35/46 MP: 8/8
  4196 | D:5      | Found Litaaske's Armour Shoppe.
  4222 | D:5      | Bought a +2 scale mail of fire resistance for 210 gold pieces
  4222 | D:5      | Bought a +0 pair of gloves for 45 gold pieces
  4298 | D:5      | Reached skill level 5 in Stealth
  4339 | D:5      | Noticed darxusza's ghost (novice GnVM)
  4649 | D:5      | HP: 2/46 [poisoned by darxusza's ghost (toxic radiance)]
  4651 | D:5      | Succumbed to darxusza's ghost's toxic radiance

Vault maps used:
D:1:      minmay_arrival_cross
D:2:      first_bread, minmay_tetromino_o4
D:3:      minivault_27, uniq_robin
D:4:      minmay_temple_entry_large_hall
D:5:      serial_bayou, serial_bayou_pond_c, serial_bayou_lagoon_b,
          serial_bayou_shore_a, serial_bayou_lake_a, serial_shops, shop,
          minmay_misc_feat_room
Temple:   grunt_wide_crystal_templ

Skill      XL: |  1  2  3  4  5  6  7  8 |
---------------+-------------------------+-----
Armour         | 2 3 4 |  4.7
Dodging        | 3 4 5 6 |  6.8
Short Blades   | 5 6 |  6.1
Stealth        | 1 4 5 |  5.5
Fighting       | |  3.2

Action                   |  1- 3 |  4- 6 |  7- 9 || total
-------------------------+-------+-------+-------++-------
Melee: Short sword       |   110 |       |       ||   110
       Dagger            |     9 |   146 |   184 ||   339
 Fire: Blowgun           |       |       |     5 ||     5
Invok: Berserk           |     2 |     2 |     3 ||     7
  Use: Scroll            |       |     4 |    13 ||    17
       Potion            |       |       |     5 ||     5
 Stab: Sleeping          |       |       |     3 ||     3
  Eat: Chunk             |    12 |     6 |     3 ||    21
       Meat ration       |       |       |     1 ||     1
       Royal jelly       |       |       |     1 ||     1
Armor: Ring mail         |    23 |    49 |    32 ||   104
       Scale mail        |       |       |    17 ||    17
Dodge: Dodged            |    62 |   124 |   111 ||   297

Table legend:
 A = Spawn XP
 B = Non-spawn XP
 C = Spawn XP percentage of total XP
 D = Spawn monster count
 E = Non-spawn monster count
 F = Spawn count percentage of total count
 G = Total turns spent on level
                    A         B        C        D         E        F      G
               +---------+---------+-------+---------+---------+-------+---------
         Total |       0 |    1462 |   0.0 |       0 |      95 |   0.0 |  4651
               +---------+---------+-------+---------+---------+-------+---------
           D:1 |       0 |      38 |   0.0 |       0 |      18 |   0.0 |  1063
           D:2 |       0 |      51 |   0.0 |       0 |      18 |   0.0 |   539
           D:3 |       0 |     212 |   0.0 |       0 |      27 |   0.0 |  1215
           D:4 |       0 |     456 |   0.0 |       0 |      22 |   0.0 |   831
           D:5 |       0 |     705 |   0.0 |       0 |      10 |   0.0 |   919
               +---------+---------+-------+---------+---------+-------+---------
